 Dungeon Sprint DCSS version 0.31-a0-1-g4198be8af4 (webtiles) character file.

Game seed: 14684015267863209444

433 Darkkill the Fighter (level 7, -2/50 HPs)
             Began as a Gargoyle Berserker on May 2, 2023.
             Was a Believer of Trog.
             Shot with an arrow by a centaur warrior (24 damage)
             ... in the Dungeon (Sprint I: "Red Sonja").
             The game lasted 00:01:39 (342 turns).

Darkkill the Fighter (Gargoyle Berserker)            Turns: 342, Time: 00:01:40

Health: -2/50      AC: 11    Str: 23    XL:     7   Next: 0%
Magic:  7/7        EV: 12    Int:  7    God:    Trog [**....]
Gold:   98         SH:  0    Dex:  9    Spells: 6/6 levels left

rFire   . . .        b - +1 arbalest (freeze)
rCold   . . .        (shield currently unavailable)
rNeg    + . .        h - +0 ring mail
rPois   ∞            (no helmet)
rElec   +            (no cloak)
rCorr   .            (no gloves)
SInv    .            (no boots)
Will    .....        (no amulet) Stlth
                     (no ring)
HPRegen 0.28/turn    (no ring)
MPRegen 0.10/turn

%: no teleportation
@: no status effects
A: sickness immunity, AC +4, negative energy resistance 1, electricity
resistance, torment resistance 1, petrification resistance
a: Renounce Religion, Berserk, Trog's Hand


You were in the Dungeon.
You worshipped Trog.
Trog was pleased with you.
You visited 1 branch You collected 308 gold pieces.
You spent 210 gold pieces at shops.

Inventory:

Hand Weapons
 a - a +0 scythe
 b - a +1 arbalest of freezing (weapon)
Armour
 h - a +0 ring mail (worn)
Wands
 g - a wand of mindburst (8)
Potions
 c - a potion of invisibility {unknown}
 e - a potion of haste
 f - 2 potions of magic


   Skills:
 + Level 8.6 Fighting
 + Level 7.8 Maces & Flails
 + Level 8.2 Armour
 + Level 6.2 Dodging


You had 6 spell levels left.
You didn't know any spells.
Your spell library was empty.

Dungeon Overview and Level Annotations

Branches:
Dungeon (1/1)

Altars:
Cheibriados
Dithmenos
Elyvilon
Fedhas
Gozag
Hepliaklqana
Kikubaaqudgha
Nemelex Xobeh
Okawaru
Qazlal
Ru
Sif Muna
Trog
Uskayaw
Vehumet
Wu Jian
Yredelemnul
Zin
The Shining One

Shops:
D (


Innate Abilities, Weirdness & Mutations

You are immune to sickness and miasma.
Your stone body is resilient. (AC +4)
You are immune to poison.
You resist negative energy. (rN+)
You are resistant to electric shocks. (rElec)
You are resistant to unholy torment.
You are immune to petrification.


Message History

You are no longer corroded.
Found 135 gold pieces.
There is an open door here.
You now have 200 gold pieces (gained 27).
You now have 227 gold pieces (gained 27).
You now have 254 gold pieces (gained 27).
You now have 281 gold pieces (gained 27).
You now have 308 gold pieces (gained 27).
There is an open door here.
You open the door.
A yak comes into view.
Found Gymek's Antique Weapon Emporium.
Found fourteen altars.
A red film seems to cover your vision as you go berserk!
You feel yourself moving faster!
You feel mighty! The yak barely misses you.
You slice the yak!!
The yak is heavily wounded.
The yak closely misses you.
You slash the yak!
The yak is almost dead.
The yak gores you!
You barely miss the yak.
The yak is almost dead.
The yak gores you but does no damage.
You barely miss the yak.
The yak is almost dead.
The yak gores you.
You hit the yak.
You kill the yak!
Trog accepts your kill.
Your Fighting skill increases to level 8!
Your Armour skill increases to level 8!
Your Dodging skill increases to level 6!
You have reached level 7!
Found an opulent altar of Gozag.
There is an open door, spattered with blood here.
You see here a yak corpse.
Found a sparkling altar of Nemelex Xobeh.
You feel a strong urge to attack something.
You are no longer berserk.
You are exhausted.
You feel yourself slow down.
You start resting.
HP restored.
There is an entrance to Gymek's Antique Weapon Emporium here.
d - a +1 arbalest of freezing Thank you for shopping at Gymek's Antique Weapon Emporium!
Adjust to which letter? (? for menu, Esc to quit)
b - a +1 arbalest of freezing;
d - a +0 animal skin (worn)
You are now empty-handed.
You feel yourself speed up.
Your +1 arbalest of freezing is covered in frost.
b - a +1 arbalest of freezing (weapon)
Adjust to which letter? (? for menu, Esc to quit)
a - a +0 scythe;
c - a grey potion Your +1 arbalest of freezing stops glowing.
a - a +0 scythe (weapon)
Your +1 arbalest of freezing is covered in frost.
b - a +1 arbalest of freezing (weapon)
There is an open door, spattered with blood here.
You see here a yak corpse.
There is a shimmering blue altar of Sif Muna here.
As you open the door, it creaks loudly!
Found a ring mail.
There is an open door here.
You see here a +0 ring mail.
h - a +0 ring mail You recover from your berserk rage.
You start removing your armour.
You continue taking off your +0 animal skin. x4
You finish taking off your +0 animal skin.
You start putting on your armour.
You continue putting on your +0 ring mail. x5
You finish putting on your +0 ring mail.
You drop a +0 animal skin.
There is an open door here.
There is a shimmering blue altar of Sif Muna here.
You open the door. 2 centaur warriors come into view.
The centaur warrior shouts!
You hear a shout!
The centaur warrior wields a +0 shortbow.
The centaur warrior shoots an arrow.
The arrow hits you!
The centaur warrior moves out of view.
Found a scroll labelled TIMAHO VATA and 5 stones.
There is an open door here.
Fire: b) +1 arbalest (freeze)
Press: ? - help, Q - select action, (/) - cycle Shift-Dir - straight line, f - centaur warrior
Aim: a centaur warrior, wielding a +0 shortbow (62% to hit)
You shoot a bolt.
The bolt closely misses the centaur warrior.
The centaur warrior shoots an arrow.
The arrow hits you!
The centaur warrior shoots an arrow.
The arrow misses you.
Fire: b) +1 arbalest (freeze)
Press: ? - help, Q - select action, (/) - cycle Shift-Dir - straight line, f/p - centaur warrior
Aim: a centaur warrior, wielding a +0 shortbow (62% to hit)
You shoot a bolt.
The bolt closely misses the centaur warrior.
The centaur warrior shoots an arrow.
The arrow hits you!
The centaur warrior shoots an arrow.
The arrow barely misses you.
The centaur warrior shoots an arrow.
The arrow hits you!!
You die...

################
#<.#..').#..'..#
#..').#..)..#..+
#..#####'#####@# #
#..####..#...#.# ##?(#
#..#__####..##c#~~~c§#
#..#_____##'#_.'§~~..c
#⌠⌠#_.∩...†..._#~§§§.#
####_..__##_.#'##+####
#_____###+#[# #######
###


You could see a centaur warrior.

Vanquished Creatures
  Sigmund (D)
  A yak (D)
  An ogre (D)
  A jelly (D)
  Ijyb (D)
5 creatures vanquished.

Notes
Turn   | Place    | Note
-------+----------+-------------------------------------------
     0 | D        | Darkkill the Gargoyle Berserker began the quest for the
                  | Orb.
     0 | D        | Reached XP level 1. HP: 14/14 MP: 1/1
     2 | D        | Noticed Ijyb
    13 | D        | Killed Ijyb
    14 | D        | Reached XP level 2. HP: 10/20 MP: 2/2
    14 | D        | Reached XP level 3. HP: 12/24 MP: 3/3
    70 | D        | Noticed an ogre
    76 | D        | Killed an ogre
    77 | D        | Reached skill level 5 in Maces & Flails
    77 | D        | Reached skill level 5 in Armour
    77 | D        | Reached XP level 4. HP: 32/32 MP: 4/4
    80 | D        | Noticed Sigmund
    95 | D        | HP: 5/32 [something (10)]
    99 | D        | Killed Sigmund
    99 | D        | Reached ** piety under Trog
   100 | D        | Reached skill level 5 in Dodging
   100 | D        | Reached XP level 5. HP: 12/38 MP: 5/5
   100 | D        | Reached XP level 6. HP: 14/44 MP: 6/6
   240 | D        | Found an ornate altar of the Wu Jian Council.
   240 | D        | Found a shimmering blue altar of Sif Muna.
   251 | D        | Found a radiant altar of Vehumet.
   276 | D        | Found Gymek's Antique Weapon Emporium.
   276 | D        | Found an ancient bone altar of Kikubaaqudgha.
   276 | D        | Found a hazy altar of Hepliaklqana.
   276 | D        | Found a stormy altar of Qazlal.
   276 | D        | Found a hide-covered altar of Uskayaw.
   276 | D        | Found a blossoming altar of Fedhas.
   276 | D        | Found a bloodstained altar of Trog.
   276 | D        | Found an iron altar of Okawaru.
   276 | D        | Found a basalt altar of Yredelemnul.
   276 | D        | Found a glowing golden altar of the Shining One.
   276 | D        | Found a snail-covered altar of Cheibriados.
   276 | D        | Found a sacrificial altar of Ru.
   276 | D        | Found a glowing silver altar of Zin.
   276 | D        | Found a shadowy altar of Dithmenos.
   276 | D        | Found a white marble altar of Elyvilon.
   276 | D        | Noticed a yak
   282 | D        | Killed a yak
   283 | D        | Reached XP level 7. HP: 50/50 MP: 7/7
   283 | D        | Found an opulent altar of Gozag.
   284 | D        | Found a sparkling altar of Nemelex Xobeh.
   307 | D        | Bought a glowing arbalest for 210 gold pieces
   337 | D        | Noticed a centaur warrior
   337 | D        | Noticed a centaur warrior
   342 | D        | Shot with an arrow by a centaur warrior

Illustrated notes

Levels and vault maps discovered:
D:        dungeon_sprint_1 [red_sonja_temple_1, red_sonja_temple_small_1]

Skill      XL: |  1  2  3  4  5  6 |
---------------+-------------------+-----
Fighting       | 4 6 7 8 |  8.6
Maces & Flails | 4 5 6 7 |  7.8
Armour         | 3 5 7 8 |  8.2
Dodging        | 2 4 5 6 |  6.2

Action                     |  1- 3 |  4- 6 |  7- 9 || total
---------------------------+-------+-------+-------++-------
  Melee: Mace              |    13 |    13 |       ||    26
         Punch             |       |     1 |       ||     1
         Halberd           |       |     8 |       ||     8
   Fire: Arbalest          |       |       |     2 ||     2
 Invoke: Berserk           |     1 |     1 |       ||     2
  Evoke: Wand              |       |     1 |       ||     1
    Use: Potion            |     1 |     2 |       ||     3
         Scroll            |       |     1 |       ||     1
 Armour: Animal skin       |     2 |     6 |       ||     8
  Dodge: Dodged            |     8 |     7 |     2 ||    17

Table legend: (Time is in decaauts)
 A = Elapsed time spent in this place.
 B = Non-inter-level travel time spent in this place.
 C = Inter-level travel time spent in this place.
 D = Time resting spent in this place.
 E = Time spent auto-exploring this place.
 F = Levels seen in this place.
 G = Mean time per level.
                   A        B        C        D        E       F      G
               +--------+--------+--------+--------+--------+-----+--------+
         Total |    374 |    374 |      0 |    199 |      0 |   1 |  374.0 |
       Dungeon |    374 |    374 |      0 |    199 |      0 |   1 |  374.0 |
               +--------+--------+--------+--------+--------+-----+--------+

Top non-repeatable levels by time:
       D: 374 daAuts

Levels and vault maps discovered:
D:        dungeon_sprint_1 [red_sonja_temple_1, red_sonja_temple_small_1]

Table legend: (Time is in decaauts)
 A = Elapsed time spent in this place.
 B = Non-inter-level travel time spent in this place.
 C = Inter-level travel time spent in this place.
 D = Time resting spent in this place.
 E = Time spent auto-exploring this place.
 F = Levels seen in this place.
 G = Mean time per level.
                   A        B        C        D        E       F      G
               +--------+--------+--------+--------+--------+-----+--------+
         Total |    374 |    374 |      0 |    199 |      0 |   1 |  374.0 |
       Dungeon |    374 |    374 |      0 |    199 |      0 |   1 |  374.0 |
               +--------+--------+--------+--------+--------+-----+--------+

Top non-repeatable levels by time:
       D: 374 daAuts

Table legend:
 A = Kills in this place as a percentage of kills in the entire game.
 B = Kills by you in this place as a percentage of kills by you in the entire game.
 C = Kills by friends in this place as a percentage of kills by friends in the entire game.
 D = Other kills in this place as a percentage of other kills in the entire game.
 E = Experience gained in this place as a percentage of experience gained in the entire game.
 F = Experience gained in this place divided by the number of levels of this place that you have seen.
                   A       B       C       D       E      F
               +-------+-------+-------+-------+-------+----------------------
         Total | 100.0 | 100.0 |   N/A |   N/A | 100.0 | 619.0
       Dungeon | 100.0 | 100.0 |   N/A |   N/A | 100.0 | 619.0
               +-------+-------+-------+-------+-------+----------------------
